 Dungeon Crawl Stone Soup version 0.28.0-53-g5a82cb258f (webtiles) character file.

Game seed: 9616076968210125370

53 Iqoqi the Digger (level 3, -1/20 HPs)
             Began as a Gargoyle Earth Elementalist on Aug 1, 2022.
             Slain by a worm (10 damage)
             ... on level 2 of the Dungeon.
             The game lasted 00:01:45 (1854 turns).

Iqoqi the Digger (Gargoyle Earth Elementalist)      Turns: 1854, Time: 00:01:46

Health: -1/20      AC:  5    Str: 11    XL:     3   Next: 89%
Magic:  6/6        EV: 11    Int: 17    God:
Gold:   9          SH:  0    Dex: 10    Spells: 5/6 levels left

rFire   . . .      SeeInvis .   a - +0 flail
rCold   . . .      Faith    .   (no shield)
rNeg    + . .      Spirit   .   b - +0 robe
rPois   ∞          Reflect  .   (no helmet)
rElec   +          Harm     .   (no cloak)
rCorr   .          Rampage  .   (no gloves)
Will    .....                   (no boots)
Stlth   ++........              (no amulet)
HPRegen 0.06/turn               (no ring)
MPRegen 0.10/turn               (no ring)

@: no status effects
A: sickness immunity, AC +3, negative energy resistance 1, electricity
resistance, torment resistance 1, petrification resistance
a: no special abilities


You were on level 2 of the Dungeon.
You visited 1 branch of the dungeon, and saw 2 of its levels.

You collected 9 gold pieces.

Inventory:

Hand Weapons
 a - a +0 flail (weapon)
Missiles
 c - 65 stones
Armour
 b - a +0 robe (worn)
Scrolls
 d - 3 scrolls of summoning {unknown}
 e - 2 scrolls of identify {unknown}
 f - a scroll of amnesia {unknown}
 g - a scroll of enchant weapon {unknown}
Potions
 h - a potion of berserk rage {unknown}


   Skills:
 * Level 1.3 Fighting
 + Level 1.0 Maces & Flails
 - Level 1.5 Dodging
 - Level 2.1 Stealth
 + Level 2.3 Spellcasting
 - Level 0.7 Transmutations
 * Level 4.7 Earth Magic


You had 5 spell levels left.
You knew the following spells:

 Your Spells              Type           Power      Damage    Failure   Level
a - Sandblast             Erth           36%        2d10      2%          1

Your spell library contained the following spells:

 Spells                   Type           Power      Damage    Failure   Level
 Passwall                 Tmut/Erth      9%         N/A       9%          2
 Stone Arrow              Conj/Erth      20%        3d8       22%         3
 Petrify                  Tmut/Erth      11%        N/A       52%         4


Dungeon Overview and Level Annotations

Branches:
Dungeon (2/15)

Altars:


Innate Abilities, Weirdness & Mutations

You are immune to sickness and miasma.
Your stone body is resilient. (AC +3)
You are immune to poison.
You resist negative energy. (rN+)
You are resistant to electric shocks. (rElec)
You are resistant to unholy torment.
You are immune to petrification.


Message History

No target in view!
No target in view!
No target in view!
No target in view!
No target in view!
No target in view!
No target in view!
You see here a ball python corpse.
c - 65 stones (gained 16)
Found 26 bolts.
A worm is nearby!
A worm is nearby!
You barely miss the worm. You hit the worm.
The worm is moderately wounded.
The worm bites you but does no damage.
You hit the worm.
The worm is moderately wounded.
The worm completely misses you.
You hit the worm.
The worm is heavily wounded.
An endoplasm comes into view.
The worm barely misses you.
You hit the worm.
The worm is severely wounded.
The worm completely misses you.
You hit the worm.
The worm is severely wounded.
You hit the worm.
The worm is almost dead.
The worm bites you.
You hit the worm but do no damage.
The worm is almost dead.
The worm bites you.
You barely miss the worm.
The worm is almost dead.
The endoplasm freezes you.
You are frozen.
The worm bites you!
Ouch! That really hurt!
You die...

##.# # .... #... .. #..# #..#
.# #..# #..# .# #.
#..#######..###.## #
#.##..##............. #.
#.##..# #...........
#(##.##w.#######......#.
#......@J.............#.
...................#..#.
####.##............#..#.
#...............#..#.
#.##........#..##....
#....................
###.######..##....#.....###...
..............................
#######.##..##..#>##.....##.##


You could see a worm and an endoplasm.

Vanquished Creatures
  An adder (D:2)
  A worm (D:2)
  4 dart slugs
  2 endoplasms
  A giant cockroach (D:1)
  3 hobgoblins (D:1)
  3 jackals (D:1)
  3 quokkas
  3 ball pythons
  5 bats
  2 frilled lizards (D:1)
  4 rats
32 creatures vanquished.

Notes
Turn   | Place    | Note
-------+----------+-------------------------------------------
     0 | D:1      | Iqoqi the Gargoyle Earth Elementalist began the quest for
                  | the Orb.
     0 | D:1      | Reached XP level 1. HP: 10/10 MP: 3/3
   145 | D:1      | Reached skill level 4 in Earth Magic
   241 | D:1      | Reached XP level 2. HP: 15/15 MP: 1/5
   789 | D:1      | Reached XP level 3. HP: 14/20 MP: 6/6
  1572 | D:2      | Reached skill level 1 in Fighting
  1587 | D:2      | Reached skill level 1 in Maces & Flails
  1854 | D:2      | Slain by a worm

Illustrated notes

Levels and vault maps discovered:
D:1:      minmay_arrival_solitary_statue, layout_rooms
D:2:      layout_basic, uniq_robin

Skill      XL: |  1  2  3 |
---------------+----------+-----
Earth Magic    | 4 |  4.7
Fighting       | 1 |  1.3
Maces & Flails | 1 |  1.0
Dodging        | |  1.5
Stealth        | |  2.1
Spellcasting   | |  2.3
Transmutations | |  0.7

Action                   || total
-------------------------++-------
Melee: Flail             ||    86
 Cast: Sandblast         ||    13
 Stab: Sleeping          ||     6
Armor: Robe              ||    44
Dodge: Dodged            ||    87
